 Dungeon Crawl Stone Soup version 0.25-a0-273-g5ba6e9a (webtiles) character file.

Game seed: 4193828686641190108, levelgen mode: deterministic

3762 DrEnzyme the Slicer (level 9, -1/48 HPs)
             Began as a Deep Elf Wanderer on Dec 8, 2019.
             Was a Follower of Vehumet.
             Slain by a great orb of eyes (5 damage)
             ... on level 9 of the Dungeon.
             The game lasted 00:42:12 (14499 turns).

DrEnzyme the Slicer (Deep Elf Wanderer)            Turns: 14499, Time: 00:42:13

Health: -1/48      AC: 12    Str: 11    XL:     9   Next: 94%
Magic:  22/22      EV: 11    Int: 19    God:    Vehumet [*.....]
Gold:   281        SH:  0    Dex: 14    Spells: 21/23 levels left

rFire    . . .     SeeInvis .   v - +2 short sword (venom)
rCold    . . .     Gourm    .   (no shield)
rNeg     + . .     Faith    .   s - +0 pearl dragon scales
rPois    .         Spirit   .   n - +0 helmet
rElec    .         Reflect  .   (no cloak)
rCorr    .         Harm     .   (no gloves)
MR       .....                  (no boots)
Stlth    +.........             (no amulet)
HPRegen  0.16/turn              m - ring of flight
MPRegen  0.18/turn              (no ring)

@: about to teleport
A: no striking features
a: Renounce Religion, Evoke Flight


You were on level 9 of the Dungeon.
You worshipped Vehumet.
Vehumet was aware of your devotion.
You were not hungry.

You visited 2 branches of the dungeon, and saw 10 of its levels.

You collected 443 gold pieces.
You spent 162 gold pieces at shops.

Inventory:

Hand Weapons
 v - a +2 short sword of venom (weapon)
Missiles
 q - 24 poisoned darts (quivered)
Armour
 d - a +0 robe
 n - a +0 helmet (worn)
 s - +0 pearl dragon scales (worn)
Jewellery
 g - an uncursed amulet of faith
 m - a ring of flight (left hand)
Wands
 c - a wand of random effects (23)
 t - a wand of flame (20)
Scrolls
 a - a scroll of fog {unknown}
 i - 6 scrolls of identify
 j - a scroll of noise
 k - 6 scrolls of remove curse
 o - a scroll of amnesia
Potions
 l - 3 potions of brilliance
 p - a potion of agility
 u - a potion of degeneration
Comestibles
 f - 12 rations


   Skills:
 + Level 2.2 Fighting
 - Level 10.3 Short Blades
   Level 1.1 Bows
 * Level 2.2 Armour
 * Level 7.3 Dodging
 * Level 5.4 Stealth
 * Level 7.7 Spellcasting
 * Level 2.1 Conjurations
 - Level 1.2 Evocations


You had 21 spell levels left.
You knew the following spells:

 Your Spells              Type           Power        Failure   Level  Hunger
a - Shock                 Conj/Air       ##..         45%         1    None
b - Confusing Touch       Hex            #.....       61%         1    None

Your spell library contained the following spells:

 Spells                   Type           Power        Failure   Level  Hunger
 Confuse                  Hex            #.......     93%         3    #......
 Gell's Gravitas          Tloc           #.........   93%         3    #......
 Petrify                  Tmut/Erth      #.......     100%        4    ###....
 Bolt of Magma            Conj/Fire/Erth #.........   100%        5    #####..
 Iskenderun's Battlesphe  Conj/Chrm      ##......     100%        5    #####..
 Metabolic Englaciation   Hex/Ice        #.........   100%        5    #####..
 Yara's Violent Unravell  Hex/Tmut       #.........   100%        5    #####..
 Iron Shot                Conj/Erth      ##........   100%        6    ######.
 Orb of Destruction       Conj           ###.......   100%        7    #######
 Spellforged Servitor     Conj/Summ      ##........   100%        7    #######


Dungeon Overview and Level Annotations

Branches:
Dungeon (9/15)             Temple (1/1) D:6
   Lair: D:8-11         Orc: D:9-12

Altars:
Ashenzari
Cheibriados
Dithmenos
Elyvilon
Fedhas
Gozag
Kikubaaqudgha
Makhleb
Nemelex Xobeh
Okawaru
Qazlal
Ru
Sif Muna
Trog
Uskayaw
Vehumet
Wu Jian
Xom
Yredelemnul
Zin
The Shining One

Shops:
D:4 *

Annotations:
D:2 1 runed translucent door, exclusion: door, Crazy Yiuf
D:3 1 runed translucent door, MrDizzy's ghost, amateur NaWr
D:4 Prince Ribbit
D:7 1 runed translucent door, Despondentz's ghost, novice TrMo
D:9 Psyche


Message History

The great orb of eyes is moderately wounded.
The great orb of eyes bites you but does no damage.
You hit the great orb of eyes but do no damage.
The great orb of eyes is moderately wounded.
The great orb of eyes bites you but does no damage.
You hit the great orb of eyes but do no damage.
The great orb of eyes is moderately wounded.
You hit the great orb of eyes but do no damage.
The great orb of eyes is moderately wounded.
The great orb of eyes gazes at you.
You are blasted!
Ouch! That really hurt!
* * * LOW HITPOINT WARNING * * *
You barely miss the great orb of eyes.
The great orb of eyes is moderately wounded.
Okay, then.
Okay, then.
As you read the scroll of teleportation, it crumbles to dust.
You feel strangely unstable. The great orb of eyes bites you.
You die...

#.# #.# #.# #.####
##+###.####.. #....#
##............. ####.#
##...#####+#####
##.##.###....# .....
##...#.##.....# #...#
#..<....'.....###...##
##...#.##.....#......#.
##.##.###.>..'@G......
......# ##...#..#.....
#..##### ##..#.## ..#
#.## ##.#.. # #. #.##..
. #.# ### #.# ..


You could see a great orb of eyes.

Vanquished Creatures
  Pikel (D:5)
  Edmund (D:6)
  2 water moccasins (D:5)
  An orc warrior (D:7)
  2 sky beasts
  A phantom (D:6)
  An ice beast (D:8)
  7 ogres
  2 centaurs
  2 bullfrogs (D:8)
  A scorpion (D:4)
  6 killer bees
  2 electric eels (D:6)
  4 howler monkeys
  A bullfrog zombie (D:5)
  3 crimson imps
  2 hounds
  A quasit (D:6)
  3 jellies
  4 orc wizards
  3 orc priests
  An iguana (D:9)
  2 bullfrog skeletons (D:6)
  5 worker ants
  2 killer bee zombies
  A hound zombie (D:5)
  A hound skeleton (D:6)
  2 worker ant zombies
  Robin (D:2)
  3 gnolls (D:4)
  7 adders
  An ooze (D:4)
  3 adder skeletons
  A worm (D:5)
  3 dart slugs
  6 leopard geckos
  26 orcs
  3 giant cockroaches
  17 goblins
  16 hobgoblins
  3 jackals
  A quokka (D:2)
  2 ball pythons
  3 bats
  7 frilled lizards
  7 kobolds
  8 rats
182 creatures vanquished.

Vanquished Creatures (others)
  Menkaure (D:5)
  A necrophage (D:5)
  2 crimson imps (D:5)
  An orc (D:5)
5 creatures vanquished.

Grand Total: 187 creatures vanquished

Notes
Turn   | Place    | Note
-------+----------+-------------------------------------------
     0 | D:1      | DrEnzyme the Deep Elf Wanderer began the quest for the Orb.
     0 | D:1      | DrEnzyme set off with the following items: a +2 short
                  | sword, a potion of lignification, a wand of random effects
                  | (15), a +0 robe, a +0 dagger, a ration
     0 | D:1      | Reached XP level 1. HP: 12/12 MP: 3/3
   833 | D:1      | Reached XP level 2. HP: 16/16 MP: 4/4
  1761 | D:2      | Reached XP level 3. HP: 20/20 MP: 5/5
  2037 | D:2      | Found a shimmering altar of Xom.
  2109 | D:2      | Reached skill level 4 in Short Blades
  2221 | D:2      | Noticed Robin
  2537 | D:2      | Killed Robin
  2537 | D:2      | Reached skill level 1 in Dodging
  2537 | D:2      | Reached skill level 1 in Spellcasting
  2545 | D:2      | Found a runed translucent door.
  2546 | D:2      | Noticed Crazy Yiuf
  2608 | D:2      | Reached XP level 4. HP: 20/25 MP: 7/7
  3071 | D:3      | Found a runed translucent door.
  3072 | D:3      | Noticed MrDizzy's ghost (amateur NaWr)
  3183 | D:3      | Found an iron altar of Okawaru.
  3902 | D:3      | Found a radiant altar of Vehumet.
  3902 | D:3      | Found a sacrificial altar of Ru.
  4079 | D:4      | Reached skill level 5 in Short Blades
  4079 | D:4      | Reached XP level 5. HP: 27/29 MP: 8/10
  4210 | D:4      | Noticed an ogre
  4362 | D:4      | Found an ornate altar of the Wu Jian Council.
  4446 | D:4      | Killed an ogre
  4446 | D:4      | Reached XP level 6. HP: 27/34 MP: 10/12
  4531 | D:4      | Reached skill level 6 in Short Blades
  4844 | D:4      | Found Woizuk's General Store.
  4848 | D:4      | Bought 6 curare-tipped darts for 50 gold pieces
  4848 | D:4      | Bought a potion of heal wounds for 70 gold pieces
  4848 | D:4      | Bought a scroll of teleportation for 42 gold pieces
  4878 | D:4      | Reached XP level 7. HP: 38/38 MP: 14/14
  5488 | D:5      | Entered Level 5 of the Dungeon
  5525 | D:5      | Noticed Prince Ribbit
  5829 | D:5      | Reached skill level 7 in Short Blades
  6012 | D:5      | Noticed Pikel
  6241 | D:5      | Noticed Menkaure
  6368 | D:5      | Killed Pikel
  6368 | D:5      | Reached skill level 8 in Short Blades
  6368 | D:5      | Reached skill level 5 in Spellcasting
  6368 | D:5      | Reached XP level 8. HP: 27/43 MP: 15/17
  6830 | D:5      | Killed Menkaure
  7120 | D:6      | Noticed Edmund
  7146 | D:6      | Killed Edmund
  7251 | D:6      | Found a staircase to the Ecumenical Temple.
  7260 | Temple   | Entered the Ecumenical Temple
  7494 | D:3      | Became a worshipper of Vehumet
  7748 | D:6      | Found a blossoming altar of Fedhas.
  7794 | D:6      | Reached skill level 9 in Short Blades
  7794 | D:6      | Reached skill level 5 in Dodging
  9731 | D:5      | Found Otalig's Serpentskin Sales.
  9762 | D:5      | Reached XP level 9. HP: 48/48 MP: 20/20
 10508 | D:7      | Reached skill level 10 in Short Blades
 11298 | D:7      | Found a runed translucent door.
 11298 | D:7      | Noticed Despondentz's ghost (novice TrMo)
 11409 | D:7      | Found a blossoming altar of Fedhas.
 11801 | D:8      | Reached * piety under Vehumet
 11801 | D:8      | Offered knowledge of Shock by Vehumet.
 11813 | D:8      | Learned a level 1 spell: Shock
 12318 | D:8      | Reached skill level 1 in Conjurations
 12594 | D:7      | Reached skill level 5 in Stealth
 12801 | D:8      | Found an iron altar of Okawaru.
 12826 | D:8      | Learned a level 1 spell: Confusing Touch
 13713 | D:9      | Found a basalt altar of Yredelemnul.
 14327 | D:9      | Noticed Psyche
 14481 | D:9      | Noticed a great orb of eyes
 14499 | D:9      | Slain by a great orb of eyes

Levels and vault maps discovered:
D:1:      onia_arrival_mini_spirals, layout_loops_cross, serial_rivers,
          chequers_serial_rivers_room_a, chequers_serial_rivers_micro_a,
          chequers_serial_rivers_micro_d, chequers_serial_rivers_micro_a,
          chequers_serial_rivers_micro_e, chequers_serial_rivers_small_b,
          corexii_corridor_pit
D:2:      layout_loops_ring, tgw_xom, first_ration, minmay_split_cup_small,
          uniq_crazy_yiuf_cottage, uniq_robin
D:3:      layout_basic, amethyst_overflow_temple_binary, gammafunk_ghost_grave,
          kennysheep_okawaru_gauntlet
D:4:      layout_cave_pools, kennysheep_mini, serial_shops, shop
D:5:      layout_loops_ring, gup_sewer_entry_spiral, guppyfry_shop_venom,
          uniq_menkaure, uniq_pikel, uniq_prince_ribbit1
D:6:      layout_basic, overflow_temple_1_default, minmay_temple_entry_grid,
          serial_bayou, serial_bayou_pond_d, serial_bayou_lagoon_a,
          serial_bayou_pond_e, serial_bayou_pond_d, serial_bayou_shore_a,
          uniq_edmund
D:7:      layout_cave_pools, ebering_ghost_reflecting_pool, fedhas_altar_4
D:8:      layout_loops_ring, lemuel_coloured_pillars_altar, lemuel_crystal_altar
D:9:      minmay_the_grid_4x2 [minmay_the_grid_broken_lines,
          minmay_the_grid_fan, minmay_the_grid_dragon_b, minmay_the_grid_eight,
          minmay_the_grid_minigrid_large, minmay_the_grid_outer_circle,
          minmay_the_grid_holed_spiral,
          minmay_the_grid_prize_four_corners_diamond_a], layout_loops_corners,
          lemuel_doored_altar, hangedman_pestilent_swarm, corexii_checkpoint_a,
          uniq_psyche
Temple:   eino_narrow_crystal_temple

Skill      XL: |  1  2  3  4  5  6  7  8  9 |
---------------+----------------------------+-----
Short Blades   | 4 5 6 8 9 10 | 10.3
Stealth        | 3 4 5 |  5.4
Dodging        | 1 2 3 4 5 7 |  7.3
Spellcasting   | 1 2 3 5 6 7 |  7.7
Conjurations   | 2 |  2.1
Fighting       | 2 |  2.2
Armour         | 2 |  2.2
Bows           | |  1.1
Evocations     | |  1.2

Action                   |  1- 3 |  4- 6 |  7- 9 || total
-------------------------+-------+-------+-------++-------
Melee: Short sword       |   127 |     7 |   210 ||   344
       Dagger            |    19 |   122 |   598 ||   739
Throw: Dart              |       |    26 |    20 ||    46
 Cast: Shock             |       |       |     1 ||     1
       Confusing Touch   |       |       |     1 ||     1
Evoke: Wand              |     7 |       |     7 ||    14
  Use: Potion            |     1 |     1 |     6 ||     8
       Scroll            |       |     8 |    13 ||    21
 Stab: Sleeping          |     2 |       |       ||     2
  Eat: Chunk             |     5 |     7 |    12 ||    24
       Ration            |       |       |     6 ||     6
Armor: Pearl dragon scal |    79 |    59 |   259 ||   397
       Skin              |     3 |       |    28 ||    31
       Robe              |     3 |       |       ||     3
Dodge: Dodged            |    40 |    35 |   223 ||   298

Table legend:
 A = Non-vault XP
 B = Vault XP
 C = Vault XP percentage of total XP
 D = Non-vault monster count
 E = Vault monster count
 F = Vault count percentage of total count
                 A         B        C        D         E       F
            +---------+---------+-------+---------+---------+-------
      Total |    4116 |    1259 |  23.4 |     150 |      32 |  17.6
            +---------+---------+-------+---------+---------+-------
        D:1 |      35 |       2 |   5.4 |      20 |       1 |   4.8
        D:2 |      15 |      50 |  76.9 |       8 |      21 |  72.4
        D:3 |      92 |       3 |   3.2 |      20 |       2 |   9.1
        D:4 |     775 |       0 |   0.0 |      17 |       0 |   0.0
        D:5 |     223 |    1045 |  82.4 |      14 |       5 |  26.3
        D:6 |     953 |     154 |  13.9 |      24 |       1 |   4.0
        D:7 |     606 |       0 |   0.0 |      16 |       0 |   0.0
        D:8 |     997 |       0 |   0.0 |      26 |       0 |   0.0
        D:9 |     420 |       5 |   1.2 |       5 |       2 |  28.6
            +---------+---------+-------+---------+---------+-------
